 Dungeon Crawl Stone Soup version 0.31-a0-214-gb37851dbb3 (webtiles) character file.

Game seed: 5002376964906371328

96 qw the Shooter (level 4, -3/28 (36) HPs)
             Began as a Minotaur Hexslinger on July 1, 2023.
             Slain by an iguana (13 damage)
             ... on level 3 of the Dungeon.
             The game lasted 00:00:54 (2404 turns).

qw the Shooter (Minotaur Hexslinger)                Turns: 2404, Time: 00:00:54

HP:   -3/28 (36)    AC:  4    Str: 13    XL:     4   Next: 41%
MP:   4/4           EV: 11    Int: 10    God:
Gold: 153           SH:  0    Dex: 14    Spells: 4/5 levels left

rFire   . . .        Y - +2 sling
rCold   . . .        (no shield)
rNeg    . . .        g - +0 ring mail
rPois   .            (helmet restricted)
rElec   .            e - +0 cloak
rCorr   .            (no gloves)
SInv    .            h - +0 pair of boots
Will    +....        (no amulet)
Stlth   +            (no ring)
HPRegen 0.24/turn    (no ring)
MPRegen 0.09/turn

%: no passive effects
@: heavily drained
A: horns 2, retaliatory headbutt, deformed body, strong-willed 1, subdued magic
1
a: no special abilities


You were on level 3 of the Dungeon.
You visited 1 branch of the dungeon, and saw 4 of its levels.

You collected 153 gold pieces.


Innate Abilities, Weirdness & Mutations

You have a pair of horns on your head.
You reflexively headbutt those who attack you in melee.
Armour fits poorly on your strangely shaped body.
You are strong-willed. (Will+)
Your spells are a little easier to cast, but a little less powerful.


   Skills:
 - Level 2.0 Fighting
 + Level 4.6 Ranged Weapons
 - Level 1.4 Armour
 - Level 2.1 Dodging
 - Level 1.0 Spellcasting
 - Level 2.0 Hexes


You had 4 spell levels left.
You knew the following spells:

 Your Spells              Type           Power      Damage    Failure   Level
a - Slow                  Hex            12%        N/A       28%         1

Your spell library contained the following spells:

 Spells                   Type           Power      Damage    Failure   Level
 Inner Flame              Hex/Fire       1%         N/A       78%         3
 Portal Projectile        Hex/Tloc       2%         N/A       78%         3
 Cause Fear               Hex            1%         N/A       96%         4

Inventory:

Hand Weapons
 Y - a +2 sling (weapon)
Armour
 e - a +0 cloak (worn)
 g - a +0 ring mail (worn)
 h - a +0 pair of boots (worn)
Potions
 a - a potion of ambrosia {unknown}
 b - a potion of curing {unknown}
 d - a potion of cancellation {unknown}
 f - a potion of berserk rage {unknown}
 j - a potion of mutation

Dungeon Overview and Level Annotations

Branches:
Dungeon (4/15)
 Temple: D:4-7

Altars:
Hepliaklqana
Sif Muna

Annotations:
D:2 Terence


Message History

The orc hits you from afar with a +0 trident.
You shoot a sling bullet.
The sling bullet closely misses the orc.
The orc closely misses you.
You shoot a sling bullet.
The sling bullet closely misses the orc.
The orc misses you.
You shoot a sling bullet. The sling bullet hits the orc.
You kill the orc!
2363 ||| FLEEEEING.
2364 ||| FLEEEEING.
There is a stone staircase leading up here.
2365 ||| STAIRDANCE You climb upwards.
There is a stone staircase leading down here.
Enter note:
Enter note:
Enter note:
Enter note:
Enter note:
Enter note:
Enter note:
Enter note:
Enter note: You start resting.
HP restored.
Done exploring.
(D) Dungeon
Where to? (* - list waypoints, Enter - D:4, ? - help)
What level of the Dungeon? (default 1, ? - help)
You climb downwards.
The iguana misses you. The iguana bites you!
There is a stone staircase leading up, spattered with blood here.
2402 ||| STAIRDANCE The iguana bites you!
You climb upwards.
There is a stone staircase leading down here.
You shoot a sling bullet. The sling bullet hits the iguana.
The iguana is lightly wounded.
The iguana bites you!
You die...

#.........#....#####.#..#
###########.)#.# #.#..#
#..#.# ##.#..# ##..#.#
##.....#
##########.....###.###..#
.............####.## ##.#
##########..## #..# #.#
#..# #.l## ##.#
#..####@#.###..#
#............#.#
######..######.#######
#...............#
#...#####>.####.# #
#...### ##.# #.# ##
#.....# #.# #.# .##
#...#.# #.# #.# ..#
#######....####.# #.#


You could see an iguana.

Vanquished Creatures
  2 adders (D:2)
  2 worms
  3 dart slugs
  7 orcs
  7 endoplasms
  3 giant cockroaches
  5 goblins
  6 hobgoblins
  2 quokkas
  3 ball pythons (D:1)
  2 bats
  7 kobolds
  5 rats
54 creatures vanquished.

Notes
Turn   | Place    | Note
-------+----------+-------------------------------------------
     0 | D:1      | qw the Minotaur Hexslinger began the quest for the Orb.
     0 | D:1      | Reached XP level 1. HP: 16/16 MP: 1/1
     0 | D:1      | 0 ||| qw: Version: 0.3-a-32-g5962c71
     0 | D:1      | 0 ||| qw: Game counter: 7517
     0 | D:1      | 0 ||| qw: Melee chars always use a shield: true
     0 | D:1      | 0 ||| qw: God list: Okawaru
     0 | D:1      | 0 ||| qw: Allow faded altars: false
     0 | D:1      | 0 ||| qw: Do Orc after clearing Dungeon:15 true
     0 | D:1      | 0 ||| qw: Do second Lair branch before Depths: true
     0 | D:1      | 0 ||| qw: Lair rune preference: random
     0 | D:1      | 0 ||| qw: Goals: Normal
     0 | D:1      | 0 ||| PLANNING D:1-11
   208 | D:1      | Reached skill level 3 in Ranged Weapons
   210 | D:1      | Reached XP level 2. HP: 19/23 MP: 2/2
   787 | D:1      | 787 ||| UPGRADING to +0 leather armour.
   797 | D:1      | 797 ||| DROPPING +0 robe.
   798 | D:1      | 798 ||| UPGRADING to +0 ring mail.
   808 | D:1      | 808 ||| DROPPING +0 leather armour.
   809 | D:1      | 809 ||| DROPPING scarf of shadows.
   810 | D:1      | 810 ||| READING scroll labelled UBIWOQA DUSUZ.
   811 | D:1      | 811 ||| DRINKING 2 dark potions.
   812 | D:1      | 812 ||| DROPPING scroll of poison.
   813 | D:1      | 813 ||| DROPPING potion of attraction.
   843 | D:2      | Reached XP level 3. HP: 29/29 MP: 3/3
   845 | D:2      | Found a hazy altar of Hepliaklqana.
   889 | D:2      | Reached skill level 4 in Ranged Weapons
  1099 | D:2      | Reached skill level 1 in Armour
  1132 | D:2      | 1132 ||| Stepping ~*~*~tactically~*~*~ (water).
  1160 | D:2      | Noticed Terence
  1161 | D:2      | 1161 ||| READING 2 scrolls labelled KIASKA CEIJIDU.
  1162 | D:2      | 1162 ||| FLEEEEING.
  1175 | D:2      | HP: 3/23 [Terence/+1 hand axe of draining (8)]
  1176 | D:2      | 1176 ||| READING scroll of teleportation.
  1346 | D:2      | 1346 ||| READING scroll labelled VISIERPH UHUAPT.
  1478 | D:3      | Reached XP level 4. HP: 28/28 MP: 4/4
  1827 | D:3      | HP: 6/28 [orc/+0 mace (5)]
  2142 | D:3      | Found a shimmering blue altar of Sif Muna.
  2282 | D:3      | 2282 ||| UPGRADING to +0 cloak.
  2287 | D:3      | 2287 ||| UPGRADING to +0 pair of boots.
  2292 | D:3      | 2292 ||| READING scroll labelled ESSUYGE VEPTUF.
  2293 | D:3      | 2293 ||| DRINKING 2 viscous ruby potions.
  2293 | D:3      | Gained mutation: Your spells are a little easier to cast,
                  | but a little less powerful. [potion of mutation]
  2293 | D:3      | Gained mutation: You are strong-willed. (Will+) [potion of
                  | mutation]
  2293 | D:3      | Gained mutation: Armour fits poorly on your strangely
                  | shaped body. [potion of mutation]
  2363 | D:4      | 2363 ||| FLEEEEING.
  2364 | D:4      | 2364 ||| FLEEEEING.
  2365 | D:4      | 2365 ||| STAIRDANCE
  2402 | D:4      | 2402 ||| STAIRDANCE
  2404 | D:3      | Slain by an iguana

Levels and vault maps discovered:
D:1:      dpeg_arrival_fog, layout_loops_ring, minmay_crystal_water,
          hangedman_decor_clover_reticule
D:2:      wander_river, layout_rooms, basic_altar, uniq_terence
D:3:      layout_loops_ring, kennysheep_orc_sif_temple
D:4:      layout_basic

Skill      XL: |  1  2  3 |
---------------+----------+-----
Ranged Weapons | 3 4 |  4.6
Fighting       | 2 |  2.0
Armour         | 1 |  1.4
Dodging        | |  2.1
Spellcasting   | |  1.0
Hexes          | |  2.0

Action                     |  1- 3 |  4- 6 || total
---------------------------+-------+-------++-------
   Fire: Sling             |   146 |    70 ||   216
    Use: Scroll            |     4 |     1 ||     5
         Potion            |     1 |     1 ||     2
 Armour: Robe              |    11 |       ||    11
         Ring mail         |    17 |    12 ||    29
  Dodge: Dodged            |    26 |    29 ||    55

Table legend:
 A = Non-vault XP
 B = Vault XP
 C = Vault XP percentage of total XP
 D = Non-vault monster count
 E = Vault monster count
 F = Vault count percentage of total count
                 A         B        C        D         E       F
            +---------+---------+-------+---------+---------+-------
      Total |     135 |       3 |   2.2 |      53 |       1 |   1.9
            +---------+---------+-------+---------+---------+-------
        D:1 |      39 |       0 |   0.0 |      21 |       0 |   0.0
        D:2 |      53 |       0 |   0.0 |      15 |       0 |   0.0
        D:3 |      36 |       3 |   7.7 |      14 |       1 |   6.7
        D:4 |       7 |       0 |   0.0 |       3 |       0 |   0.0
            +---------+---------+-------+---------+---------+-------
